 Dungeon Crawl Stone Soup version 0.23-a0-208-gb6b040f (webtiles) character file.

4267 Gildeon the Archer (level 10, 0/81 HPs)
             Began as a Centaur Hunter on Sept 25, 2018.
             Was a Priest of Makhleb.
             Slain by a bullfrog zombie (4 damage)
             ... on level 9 of the Dungeon.
             The game lasted 00:55:15 (10896 turns).

Gildeon the Archer (Centaur Hunter)                Turns: 10896, Time: 00:55:15

Health: 0/81       AC:  7    Str: 20    XL:     10   Next: 10%
Magic:  16/22      EV: 10    Int: 10    God:    Makhleb [***...]
Gold:   375        SH:  0    Dex: 13    Spells: 12/13 levels left

rFire    . . .     SeeInvis .   v - +0 halberd
rCold    . . .     Gourm    .   (shield currently unavailable)
rNeg     . . .     Faith    .   c - +1 leather armour
rPois    .         Spirit   .   z - +0 helmet
rElec    .         Reflect  .   (no cloak)
rCorr    .         Harm     .   A - +0 pair of gloves
MR       .....                  (no barding)
Stlth    +.........             (no amulet)
HPRegen  0.23/turn              w - ring of magical power
MPRegen  0.18/turn              (no ring)

@: mighty, hasted, drained, very quick
A: large, hooves 3, deformed body, speed 2, tough skin 3
a: Minor Destruction, Lesser Servant of Makhleb, Renounce Religion


You were on level 9 of the Dungeon.
You worshipped Makhleb.
Makhleb was most pleased with you.
You were not hungry.

You visited 2 branches of the dungeon, and saw 10 of its levels.

You collected 375 gold pieces.

Inventory:

Hand Weapons
 a - a +3 shortbow
 v - a +0 halberd (weapon)
 x - a +0 spear
Missiles
 d - 12 arrows
Armour
 c - a +1 leather armour (worn)
 l - a +0 chain mail
 q - a +0 ring mail
 t - a +0 scale mail
 z - a +0 helmet (worn)
 A - a +0 pair of gloves (worn)
Jewellery
 w - a ring of magical power (left hand)
Wands
 e - a wand of digging (17)
 s - a wand of flame (50)
 E - a wand of disintegration (22)
Scrolls
 i - 4 scrolls of teleportation
 j - 6 scrolls of remove curse
 p - a scroll of blinking
 y - a scroll of fear
 G - a scroll of enchant armour
Potions
 b - 2 potions of magic
 g - a potion of mutation
 h - 3 potions of flight
 m - a potion of might
 n - 2 potions of heal wounds
 o - 4 potions of curing {unknown}
 r - 2 potions of resistance {unknown}
 u - a potion of invisibility {unknown}
 C - a potion of degeneration {unknown}
 D - a potion of lignification {unknown}
Comestibles
 f - 11 rations


   Skills:
 + Level 5.0(4.9) Fighting
 + Level 3.2(3.1) Polearms
 - Level 14.0(13.8) Bows
 - Level 2.0(1.9) Armour
 - Level 2.0(1.9) Dodging
 - Level 0.4(0.3) Stealth
 - Level 2.0(1.9) Spellcasting
 - Level 3.0(2.9) Translocations
 + Level 4.7(4.6) Invocations
 - Level 3.0(2.9) Evocations


You had 12 spell levels left.
You knew the following spells:

 Your Spells              Type           Power        Failure   Level  Hunger
a - Apportation           Tloc           #.....       11%         1    ##.....

Your spell library contained the following spells:

 Spells                   Type           Power        Failure   Level  Hunger
 Animate Skeleton         Necr           N/A          36%         1    ##.....
 Confusing Touch          Hex            #.....       36%         1    ##.....
 Summon Small Mammal      Summ           #...         36%         1    ##.....


Dungeon Overview and Level Annotations

Branches:
Dungeon (9/15)             Temple (1/1) D:4
   Lair: D:8-11         Orc: D:9-12

Altars:
Ashenzari
Cheibriados
Dithmenos
Elyvilon
Fedhas
Gozag
Hepliaklqana
Kikubaaqudgha
Makhleb
Nemelex Xobeh
Okawaru
Qazlal
Ru
Sif Muna
Trog
Uskayaw
Vehumet
Wu Jian
Xom
Yredelemnul
Zin
The Shining One

Shops:
D:8 !


Innate Abilities, Weirdness & Mutations

You have hooves in place of feet.
Armour fits poorly on your strangely shaped body.
You cover ground very quickly.
You have extremely tough skin. (AC +3)


Message History

The adder zombie barely misses you.
The bullfrog zombie hits you but does no damage.
The bullfrog zombie misses you. The hungry ghost barely misses you.
The wyvern zombie barely misses you.
The howler monkey zombie barely misses you.
The quokka zombie completely misses you.
You miss the hungry ghost. You kick the hungry ghost.
The hungry ghost is lightly damaged.
The adder zombie bites you but does no damage.
The bullfrog zombie hits you but does no damage.
The bullfrog zombie hits you.
* * * LOW HITPOINT WARNING * * *
The wyvern zombie barely misses you. The hungry ghost hits you.
You feel a lot more hungry. The howler monkey zombie hits you.
* * * LOW HITPOINT WARNING * * *
The quokka zombie closely misses you.
You completely miss the hungry ghost. Your kick misses the hungry ghost.
The hungry ghost is lightly damaged.
The bullfrog zombie hits you.
You die...

.. .. #.# #. ...
...... .... ..Z. ..
..#. ##..##. P. . ...
... .......y Z. ....
#t####..# .#y..
..?.##ZZ.....##§§yZ..
.....ZZ@Z.....#§§§.Z§
......WZZ......§§§
.......G5.....#§
...###.........§§§ ..
#........#.## .
..............#
####.#.....#..#
..(......(....
#....##...#....


You could see an eye of draining, a hungry ghost, a crocodile, a shadow imp, an
adder zombie, a quokka zombie, 2 bullfrog zombies, a wyvern zombie, a killer bee
zombie and a howler monkey zombie.

Vanquished Creatures
  Duvessa (D:5)
  4 ice beasts
  4 sky beasts
  6 ogres
  3 necrophages
  2 phantoms
  2 big kobolds (D:8)
  4 bullfrogs
  Dowan (D:5)
  A wyvern skeleton (D:8)
  13 killer bees
  A scorpion (D:7)
  A wight (D:9)
  2 centaur zombies
  3 jellies
  A bullfrog zombie (D:7)
  5 hounds
  3 orc priests
  5 orc wizards
  A bullfrog skeleton (D:5)
  4 iguanas
  6 worker ants
  2 killer bee zombies
  A hound skeleton (D:4)
  2 mummies (D:8)
  A worker ant zombie (D:6)
  10 gnolls
  15 adders
  A shadow imp (D:5)
  An ooze (D:5)
  2 adder zombies
  3 adder skeletons
  4 worms
  3 dart slugs
  A leopard gecko (D:3)
  15 orcs
  13 bats
  5 giant cockroaches
  8 goblins
  7 hobgoblins
  10 jackals
  15 kobolds
  3 quokkas
  3 ball pythons
  A ball python zombie (D:5)
  6 frilled lizards
  A quokka skeleton (D:8)
  10 rats
  A fungus (D:1)
  A plant (D:1)
218 creatures vanquished.

Notes
Turn   | Place    | Note
-------+----------+-------------------------------------------
     0 | D:1      | Gildeon the Centaur Hunter began the quest for the Orb.
     0 | D:1      | Reached XP level 1. HP: 17/17 MP: 1/1
    46 | D:1      | Reached XP level 2. HP: 23/24 MP: 2/2
   339 | D:1      | Reached skill level 6 in Bows
   454 | D:1      | Reached XP level 3. HP: 30/30 MP: 3/3
  1623 | D:2      | Reached XP level 4. HP: 30/37 MP: 4/4
  2013 | D:2      | Found an opulent altar of Gozag.
  2017 | D:2      | Noticed a phantom
  2043 | D:2      | Killed a phantom
  2043 | D:2      | Reached skill level 7 in Bows
  2043 | D:2      | Reached skill level 1 in Armour
  2043 | D:2      | Reached XP level 5. HP: 45/45 MP: 5/5
  2876 | D:3      | Reached XP level 6. HP: 45/51 MP: 5/7
  3027 | D:3      | Reached skill level 8 in Bows
  3151 | D:4      | Reached skill level 1 in Spellcasting
  3495 | D:4      | Reached XP level 7. HP: 9/59 MP: 8/8
  3558 | D:4      | Reached skill level 9 in Bows
  4037 | D:4      | Found a staircase to the Ecumenical Temple.
  4044 | D:4      | Learned a level 1 spell: Apportation
  4049 | Temple   | Entered the Ecumenical Temple
  4086 | Temple   | Became a worshipper of Makhleb the Destroyer
  4351 | D:5      | Entered Level 5 of the Dungeon
  4562 | D:5      | Noticed Duvessa
  4563 | D:5      | Noticed Dowan
  4575 | D:5      | Killed Duvessa
  4575 | D:5      | Reached skill level 1 in Evocations
  4585 | D:5      | Killed Dowan
  4979 | D:5      | Reached skill level 10 in Bows
  4979 | D:5      | Reached skill level 1 in Invocations
  5104 | D:5      | Reached skill level 5 in Fighting
  5104 | D:5      | Reached XP level 8. HP: 64/68 MP: 9/9
  5311 | D:5      | Reached skill level 1 in Polearms
  5328 | D:5      | Reached * piety under Makhleb
  5601 | D:5      | Reached skill level 1 in Translocations
  6005 | D:6      | Reached skill level 11 in Bows
  6755 | D:6      | Reached XP level 9. HP: 66/74 MP: 11/11
  6772 | D:6      | Reached ** piety under Makhleb
  6772 | D:6      | Reached skill level 12 in Bows
  7981 | D:7      | Reached skill level 13 in Bows
  9088 | D:8      | Found Wovvypa's Distillery.
  9347 | D:8      | Reached *** piety under Makhleb
  9604 | D:9      | Reached XP level 10. HP: 32/81 MP: 13/13
 10316 | D:8      | Reached skill level 14 in Bows
 10895 | D:9      | HP: 4/81 [howler monkey zombie (1)]
 10896 | D:9      | Slain by a bullfrog zombie

Vault maps used:
D:1:      eino_arrival_tree_alley, st_stairs_5, dk_noncrumbling_2,
          minmay_misc_feat_plants, minmay_splitting_lines, serial_bayou_pond_c
D:2:      overflow_temple_1_default
D:3:      first_ration, minmay_tree_intersection
D:4:      minmay_temple_entry_junction
D:5:      uniq_duvessa
D:8:      serial_shops, nicolae_shop_window_shopping, blue_anna_alchemist
D:9:      basic_altar, serial_undead, serial_undead_a, serial_undead_c,
          serial_undead_e, serial_undead_b, serial_undead_d, serial_undead_e,
          serial_undead_a, minivault_23
Temple:   regret_index_temple_sigil_plot

Skill      XL: |  1  2  3  4  5  6  7  8  9 10 |
---------------+-------------------------------+-----
Bows           | 6 7 8 10 11 13 14 | 14.0
Fighting       | 3 4 5 |  5.0
Armour         | 1 2 |  2.0
Spellcasting   | 1 2 |  2.0
Dodging        | 2 |  2.0
Evocations     | 1 2 3 |  3.0
Invocations    | 1 3 4 |  4.7
Polearms       | 2 3 |  3.2
Translocations | 2 3 |  3.0
Stealth        | |  0.4

Action                   |  1- 3 |  4- 6 |  7- 9 | 10-12 || total
-------------------------+-------+-------+-------+-------++-------
Melee: Short sword       |    45 |       |       |       ||    45
       Kick              |    19 |       |     1 |     1 ||    21
       Shortbow          |       |       |     4 |       ||     4
       Halberd           |       |       |       |    10 ||    10
 Fire: Shortbow          |   129 |   172 |   582 |    55 ||   938
Evoke: Wand              |       |       |     6 |     1 ||     7
  Use: Scroll            |     6 |     2 |    13 |       ||    21
       Potion            |       |       |     2 |     4 ||     6
  Eat: Chunk             |     1 |     5 |     7 |     1 ||    14
       Ration            |       |       |     3 |     2 ||     5
Armor: Leather armour    |    35 |    30 |    55 |    60 ||   180
Dodge: Dodged            |    30 |    30 |   107 |    80 ||   247

Table legend:
 A = Non-vault XP
 B = Vault XP
 C = Vault XP percentage of total XP
 D = Non-vault monster count
 E = Vault monster count
 F = Vault count percentage of total count
                 A         B        C        D         E       F
            +---------+---------+-------+---------+---------+-------
      Total |    5352 |     744 |  12.2 |     203 |      13 |   6.0
            +---------+---------+-------+---------+---------+-------
        D:1 |      57 |       6 |   9.5 |      33 |       3 |   8.3
        D:2 |     169 |       0 |   0.0 |      20 |       0 |   0.0
        D:3 |     170 |       0 |   0.0 |      24 |       0 |   0.0
        D:4 |     476 |       0 |   0.0 |      18 |       0 |   0.0
        D:5 |     822 |     234 |  22.2 |      34 |       2 |   5.6
        D:6 |    1122 |       0 |   0.0 |      17 |       0 |   0.0
        D:7 |    1425 |       0 |   0.0 |      23 |       0 |   0.0
        D:8 |    1111 |     258 |  18.8 |      34 |       4 |  10.5
        D:9 |       0 |     246 | 100.0 |       0 |       4 | 100.0
            +---------+---------+-------+---------+---------+-------
